 Dungeon Crawl Stone Soup version 0.30-a0-652-gcc886f7154 (webtiles) character file.

Game seed: 13236846188794611823

253 timneilson the Slasher (level 5, 0/41 HPs)
             Began as a Demonspawn Gladiator on Jan 18, 2023.
             Slain by an acid dragon (1 damage)
             ... on level 5 of the Dungeon.
             The game lasted 00:05:08 (3299 turns).

timneilson the Slasher (Demonspawn Gladiator)       Turns: 3299, Time: 00:05:09

Health: 0/41       AC:  3    Str: 16    XL:     5   Next: 90%
Magic:  0/5        EV:  8    Int:  9    God:
Gold:   351        SH:  0    Dex: 15    Spells: 4/4 levels left

rFire   + . .      SeeInvis .    a - +0 long sword
rCold   + . .      Faith    .    (no shield)
rNeg    . . .      Spirit   +    f - +1 chain mail
rPois   .          Reflect  .    c - +0 helmet
rElec   .          Harm     .    (no cloak)
rCorr   .          Rampage  .    (no gloves)
Will    .....                    (no boots) Stlth
                                 p - amulet of guardian spirit
HPRegen 0.26/turn                r - ring of protection from cold
MPRegen 0.09/turn                v - ring of protection from fire

@: corroded
A: hooves 1, powered by pain 1, weakness stinger 1
a: no special abilities


You were on level 5 of the Dungeon.
You visited 2 branches of the dungeon, and saw 6 of its levels.

You collected 351 gold pieces.

Inventory:

Hand Weapons
 a - a +0 long sword (weapon)
Missiles
 d - 4 throwing nets (quivered)
 e - a javelin
Armour
 c - a +0 helmet (worn)
 f - a +1 chain mail (worn)
Jewellery
 p - an amulet of guardian spirit (around neck)
 r - a ring of protection from cold (left hand)
 s - the amulet of Bigerata {rElec Regen+ rCorr Slay-3 SInv}
   (You found it on level 3 of the Dungeon)

   [amulet of regeneration]

   Slay:      It affects your accuracy & damage with ranged weapons and melee
   (-3).
   rElec:     It insulates you from electricity.
   SInv:      It lets you see invisible.
   Regen:     It increases your rate of health regeneration.
   rCorr:     It protects you from acid and corrosion.
 v - a ring of protection from fire (right hand)
Scrolls
 g - 2 scrolls of fog
 h - a scroll of teleportation
Potions
 b - 3 potions of ambrosia
 i - a potion of flight
 j - 2 potions of might
 k - 2 potions of mutation
 l - 3 potions of curing
 m - a potion of degeneration {unknown}
 n - a potion of lignification {unknown}
 o - 2 potions of brilliance
 q - a potion of attraction {unknown}


   Skills:
 + Level 3.1 Fighting
 * Level 4.1 Long Blades
 - Level 1.7 Throwing
 * Level 2.8 Armour
 + Level 3.4 Dodging


You had 4 spell levels left.
You didn't know any spells.
Your spell library contained the following spells:

 Spells                   Type           Power      Damage    Failure   Level
 Cigotuvi's Dreadful Rot  Necr/Pois/Air  0%         N/A       100%        2
 Poisonous Vapours        Pois/Air       0%         N/A       100%        2
 Mephitic Cloud           Conj/Pois/Air  0%         N/A       100%        3


Dungeon Overview and Level Annotations

Branches:
Dungeon (5/15)             Temple (1/1) D:4

Altars:
Fedhas
Gozag
Hepliaklqana
Makhleb
Okawaru
Sif Muna
Trog
Uskayaw
Vehumet
Wu Jian

Shops:
D:3 !


Innate Abilities, Weirdness & Mutations

You have large cloven feet.
You sometimes gain a little power by taking damage.
You have a small tail.


Message History

You kick the acid dragon, but do no damage.
The acid dragon is moderately wounded.
The acid dragon spits acid at you. The splash of acid hits you!
The acid corrodes you!
You hear a shout!
You hear an angry hiss.
You hit the acid dragon but do no damage.
You kick the acid dragon, but do no damage.
The acid dragon is moderately wounded.
The acid dragon bites you.
The acid dragon claws you but does no damage.
You hit the acid dragon but do no damage.
You kick the acid dragon.
The acid dragon is heavily wounded.
The acid dragon bites you. The acid dragon claws you.
You slash the acid dragon!
You kick the acid dragon, but do no damage.
The acid dragon is severely wounded.
The acid dragon closely misses you. x2; The acid dragon bites you.
The acid dragon claws you.
You hit the acid dragon but do no damage.
Your kick misses the acid dragon.
The acid dragon is severely wounded.
The acid dragon spits acid at you. The splash of acid hits you.
The acid corrodes you!
You hit the acid dragon but do no damage.
You kick the acid dragon, but do no damage.
The acid dragon is severely wounded.
The acid dragon bites you!
* * * LOW HITPOINT WARNING * * *
The acid dragon closely misses you.
You barely miss the acid dragon. You kick the acid dragon.
You tail-slap the acid dragon, but do no damage.
The acid dragon is almost dead.
The acid dragon barely misses you. x2
You hit the acid dragon but do no damage.
The acid dragon is almost dead.
The acid dragon bites you.
* * * LOW HITPOINT WARNING * * *
The acid dragon claws you.
You die...

#.#........#.#.#
#.#..........#.#.#
#5#....####.##.#.###
# #.#....# #........#
#. #.##..##
####.##### #..###.
##.# #.# ..[.S ..#
#.#
#.###.5############.#
#.....SD@...........#
#.###################


You could see an acid dragon, an adder and a shadow imp.

Vanquished Creatures
  2 hounds
  An orc wizard (D:3)
  A gnoll (D:1)
  6 adders
  3 worms (D:4)
  6 dart slugs
  3 orcs (D:3)
  4 bats
  3 endoplasms
  3 giant cockroaches
  7 goblins
  8 hobgoblins
  7 jackals
  4 kobolds
  2 quokkas (D:3)
  10 ball pythons
  7 frilled lizards
  7 rats
84 creatures vanquished.

Vanquished Creatures (others)
  3 toadstools (D:4)
3 creatures vanquished.

Grand Total: 87 creatures vanquished

Notes
Turn   | Place    | Note
-------+----------+-------------------------------------------
     0 | D:1      | timneilson the Demonspawn Gladiator began the quest for the
                  | Orb.
     0 | D:1      | Reached XP level 1. HP: 16/16 MP: 1/1
   195 | D:1      | Discovered your monstrous ancestry.
   195 | D:1      | Gained mutation: You have a small tail. [demonic ancestry]
   195 | D:1      | Reached XP level 2. HP: 22/22 MP: 2/2
   265 | D:1      | Reached skill level 3 in Long Blades
   265 | D:1      | Reached skill level 1 in Armour
   567 | D:2      | Reached XP level 3. HP: 27/27 MP: 3/3
  1217 | D:3      | Gained mutation: You have large cloven feet. [demonic
                  | ancestry]
  1217 | D:3      | Reached XP level 4. HP: 25/34 MP: 4/4
  1288 | D:3      | You fall into a shaft and drop 1 floor!
  1334 | D:4      | Found a staircase to the Ecumenical Temple.
  1353 | Temple   | Entered the Ecumenical Temple
  1584 | D:4      | Noticed a moth of wrath
  1664 | D:4      | Found a bloodstained altar of Trog.
  1820 | D:4      | Found a blossoming altar of Fedhas.
  1889 | D:3      | Gained mutation: You sometimes gain a little power by
                  | taking damage. [demonic ancestry]
  1889 | D:3      | Reached XP level 5. HP: 39/39 MP: 5/5
  1913 | D:3      | Identified the amulet of Bigerata {rElec Regen+ rCorr
                  | Slay-3 SInv}
  2071 | D:3      | Found Esuiwoh's Distillery.
  2096 | D:3      | Found an opulent altar of Gozag.
  2272 | D:3      | Reached skill level 4 in Long Blades
  2971 | D:4      | Found a hazy altar of Hepliaklqana.
  3221 | D:5      | Entered Level 5 of the Dungeon
  3289 | D:5      | Noticed an acid dragon
  3299 | D:5      | HP: 1/41 [acid dragon (6)]
  3299 | D:5      | Slain by an acid dragon

Illustrated notes

Levels and vault maps discovered:
D:1:      psy_arrival_basics, layout_basic
D:2:      layout_basic
D:3:      minmay_chambers_of_threes, layout_basic, lemuel_round_altar,
          serial_shops, shop
D:4:      layout_basic, nicolae_overflow_hidden_temple,
          mainiacjoe_overflow_boulevard, tgw_trog,
          minmay_temple_entry_antechambers, minmay_gold_behind_fungi,
          minmay_misc_feat_rows
D:5:      layout_basic, nicolae_elyvilon_temple_path, serial_shops,
          nicolae_shop_statue_plus, nicolae_square_shop, nicolae_stop_n_shop_1,
          gammafunk_ghost_smash, kennysheep_another_room,
          minmay_manual_monstrance, uniq_menkaure
Temple:   hellmonk_temple_forest_ring

Skill      XL: |  1  2  3  4  5 |
---------------+----------------+-----
Long Blades    | 3 4 |  4.1
Armour         | 1 2 |  2.8
Dodging        | 3 |  3.4
Fighting       | 3 |  3.1
Throwing       | |  1.7

Action                   |  1- 3 |  4- 6 || total
-------------------------+-------+-------++-------
Melee: Long sword        |    93 |   159 ||   252
       Tailslap          |     6 |    14 ||    20
       Kick              |       |    41 ||    41
       Punch             |       |     1 ||     1
  Use: Scroll            |     6 |     6 ||    12
Armor: Chain mail        |    56 |   145 ||   201
Dodge: Dodged            |    42 |    98 ||   140

Table legend: (Time is in decaauts)
 A = Elapsed time spent in this place.
 B = Non-inter-level travel time spent in this place.
 C = Inter-level travel time spent in this place.
 D = Time resting spent in this place.
 E = Time spent auto-exploring this place.
 F = Levels seen in this place.
 G = Mean time per level.
                   A        B        C        D        E       F      G
               +--------+--------+--------+--------+--------+-----+--------+
         Total |   3353 |   3212 |    141 |      0 |   2444 |   6 |  558.8 |
       Dungeon |   3194 |   3070 |    124 |      0 |   2312 |   5 |  638.8 |
        Temple |    158 |    141 |     17 |      0 |    132 |   1 |  158.0 |
               +--------+--------+--------+--------+--------+-----+--------+

Top non-repeatable levels by time:
     D:3: 962 daAuts
     D:4: 940 daAuts
     D:2: 643 daAuts
     D:1: 568 daAuts
  Temple: 158 daAuts
     D:5: 79 daAuts
